 Dungeon Crawl Stone Soup version 0.28.0-53-g5a82cb258f (webtiles) character file.

Game seed: 12912603118024304075

456 melloss the Covert (level 6, 0/27 (30) HPs)
             Began as a Spriggan Enchanter on June 7, 2022.
             Slain by a wight
             ... wielding a +0 dagger
              (7 damage)
             ... on level 4 of the Dungeon.
             The game lasted 00:15:09 (5508 turns).

melloss the Covert (Spriggan Enchanter)             Turns: 5508, Time: 00:15:10

HP:   0/27 (30)     AC:  2    Str:  4    XL:     6   Next: 77%
MP:   11/12         EV: 19    Int: 19    God:
Gold: 162           SH:  0    Dex: 15    Spells: 8/12 levels left

rFire   . . .      SeeInvis +   o - +1 flail (vorpal)
rCold   . . .      Faith    .   (no shield)
rNeg    . . .      Spirit   .   p - +0 robe
rPois   .          Reflect  .   (helmet restricted)
rElec   .          Harm     .   (no cloak)
rCorr   .          Rampage  .   (gloves unavailable)
Will    +....                   (boots unavailable)
Stlth   ++++......              (no amulet)
HPRegen 0.09/turn               (no ring)
MPRegen 0.13/turn               (no ring)

@: heavily drained, very quick
A: very small, no large weapons, unfitting armour, see invisible, speed 3
a: no special abilities


You were on level 4 of the Dungeon.
You visited 1 branch of the dungeon, and saw 4 of its levels.

You collected 162 gold pieces.

Inventory:

Hand Weapons
 a - a +0 short sword
 b - a +0 hunting sling
 i - a +1 dagger
 m - a +0 flail of holy wrath
 o - a +1 vorpal flail (weapon)
Missiles
 d - 116 stones (quivered)
 j - a boomerang
Armour
 p - a +0 robe (worn)
Scrolls
 f - 2 scrolls of magic mapping {unknown}
 g - 2 scrolls of teleportation {unknown}
 l - a scroll of blinking {unknown}
 n - a scroll of fear {unknown}
Potions
 c - a potion of invisibility
 e - 2 potions of lignification {unknown}
 h - a potion of might {unknown}
 k - 2 potions of brilliance {unknown}


   Skills:
 - Level 2.0 Fighting
 - Level 1.1 Short Blades
 - Level 5.0 Dodging
 - Level 8.0 Stealth
 * Level 3.9 Spellcasting
 + Level 4.1 Hexes
 * Level 1.6 Ice Magic


You had 8 spell levels left.
You knew the following spells:

 Your Spells              Type           Power      Damage    Failure   Level
a - Ensorcelled Hibernat  Hex/Ice        28%        N/A       6%          2
b - Blink                 Tloc           6%         N/A       22%         2

Your spell library contained the following spells:

 Spells                   Type           Power      Damage    Failure   Level
 Confusing Touch          Hex            19%        N/A       8%          3
 Tukima's Dance           Hex            19%        N/A       8%          3
 Dazzling Flash           Conj/Hex       22%        N/A       19%         3
 Manifold Assault         Tloc           3%         N/A       98%         5
 Storm Form               Tmut/Air       1%         N/A       100%        7


Dungeon Overview and Level Annotations

Branches:
Dungeon (4/15)
 Temple: D:4-7

Altars:
Ashenzari
Ru
Zin

Shops:
D:1 =   D:2 [=[   D:3 *


Innate Abilities, Weirdness & Mutations

You are very small and have problems with some larger weapons.
You are too small for most types of armour.
You have supernaturally acute eyesight. (SInv)
You cover ground extremely quickly. (Speed+++)


Message History

The kobold shouts!
The hound misses you. x2
A wight comes into view. It is wielding a +0 hand axe.
The kobold barely misses you. The hound misses you.
You barely miss the kobold. The hound bites you.
The kobold hits you with a +0 short sword.
The hound bites you but does no damage. The wight barely misses you.
Casting: Ensorcelled Hibernation (safe; 7% risk of failure)
Confirm with . or Enter, or press ? or * to list all spells.
Aiming: Ensorcelled Hibernation (safe; 7% risk of failure)
Press: ? - help, Shift-Dir - straight line, f/p - hound
Aim: a hound (lightly wounded, chance to affect: 56%)
The hound looks drowsy...
Your magical contamination has completely faded away.
The helpless hound fails to defend itself.
You impale the hound!!
You kill the hound!
Press: ? - help, v - describe, . - travel
Here: a wight, wielding a +0 hand axe and wearing a +0 robe A stone staircase leading down.
Casting: Ensorcelled Hibernation (safe; 6% risk of failure)
Confirm with . or Enter, or press ? or * to list all spells.
You can't see any susceptible monsters within range! (Use Z to cast anyway.) Unknown command.
You hit the wight but do no damage. The wight barely misses you.
You barely miss the wight. The wight hits you with a +0 dagger.
The wight barely misses you.
You hit the wight but do no damage. The wight barely misses you.
You hit the wight but do no damage. The wight barely misses you.
o - a +1 vorpal flail (weapon)
You hit the wight but do no damage. The wight misses you.
You closely miss the wight. The wight hits you with a +0 dagger.
You feel drained. The wight hits you with a +0 dagger.
You closely miss the wight. The wight closely misses you.
You hit the wight.
The wight is moderately damaged.
The wight hits you with a +0 dagger!
You feel drained.
* * * LOW HITPOINT WARNING * * *
The wight hits you with a +0 dagger!
You die...

#.........##.......
#.#
####.#######.......
#.# #.# #....... #.#
#.# #....... #.# #.#
#....... #.#
#.###### ....... #.
#.# ##......#
....... ..
#.######....##.#
####### #.
#..zzKz@......... ..
#.##.######....##.##
#### #..#.# ###### #
#... #.#.# #...
#..K# #... ##.z#
#... #..# #...
######z# #.†.
#.....># #...


You could see 3 wights and a kobold.

Vanquished Creatures
  An ogre (D:4)
  3 hounds (D:4)
  An orc priest (D:2)
  Terence (D:3)
  2 orc wizards
  5 adders
  5 gnolls
  A worm (D:2)
  A dart slug (D:2)
  7 orcs
  6 ball pythons
  5 endoplasms
  3 giant cockroaches
  5 goblins
  7 hobgoblins
  6 jackals
  3 quokkas
  3 bats (D:2)
  4 frilled lizards
  5 kobolds
  4 rats
78 creatures vanquished.

Notes
Turn   | Place    | Note
-------+----------+-------------------------------------------
     0 | D:1      | melloss the Spriggan Enchanter began the quest for the Orb.
     0 | D:1      | Reached XP level 1. HP: 9/9 MP: 5/5
   579 | D:1      | Reached skill level 5 in Stealth
   579 | D:1      | Reached XP level 2. HP: 10/13 MP: 6/6
   598 | D:1      | Learned a level 2 spell: Ensorcelled Hibernation
   718 | D:1      | Found Fiups's Jewellery Emporium.
   846 | D:1      | Found a faded altar of an unknown god.
  1394 | D:2      | You fall into a shaft and drop 1 floor!
  1438 | D:2      | Found Teon's Antique Armour Boutique.
  1602 | D:2      | Reached XP level 3. HP: 16/16 MP: 8/8
  1947 | D:2      | Reached skill level 6 in Stealth
  2140 | D:2      | Reached XP level 4. HP: 21/21 MP: 9/9
  2212 | D:2      | Found Yczi's Jewellery Shoppe.
  2275 | D:2      | Found Tiecotil's Armour Boutique.
  2578 | D:2      | Reached skill level 5 in Dodging
  2612 | D:2      | Reached skill level 7 in Stealth
  2612 | D:2      | Reached XP level 5. HP: 25/25 MP: 7/10
  3251 | D:2      | Reached skill level 1 in Fighting
  3315 | D:3      | Found a sacrificial altar of Ru.
  3315 | D:3      | Found a glowing silver altar of Zin.
  3412 | D:3      | Found a broken altar of Ashenzari.
  3728 | D:2      | Learned a level 2 spell: Blink
  4162 | D:3      | Found Manwudgh's Assorted Antiques.
  4232 | D:3      | Noticed Terence
  4240 | D:3      | Killed Terence
  4625 | D:4      | Noticed an ogre
  4760 | D:4      | Reached skill level 8 in Stealth
  4760 | D:4      | Reached XP level 6. HP: 14/30 MP: 6/11
  4929 | D:4      | Reached skill level 1 in Ice Magic
  5508 | D:4      | Slain by a wight

Illustrated notes

Levels and vault maps discovered:
D:1:      co_arrival_random_square_maze, layout_basic,
          dreamdust_ecumenical_altar_statues, serial_shops, shop_fountains
D:2:      minmay_skewed_foursquare, layout_basic, serial_shops,
          nicolae_shop_stone, nicolae_shop_behind_doors,
          nicolae_shop_window_shopping, kennysheep_generic_room_14
D:3:      layout_basic, ashenzari_altar_1, gammafunk_temple_overflow_statue,
          serial_shops, nicolae_shop_advertising_works
          [nicolae_subvault_shop_adworks], uniq_terence
D:4:      layout_basic

Skill      XL: |  1  2  3  4  5  6 |
---------------+-------------------+-----
Dodging        | 3 4 5 |  5.0
Stealth        | 5 6 7 8 |  8.0
Fighting       | 2 |  2.0
Spellcasting   | 3 |  3.9
Ice Magic      | 1 |  1.6
Hexes          | 4 |  4.1
Short Blades   | |  1.1

Action                   |  1- 3 |  4- 6 || total
-------------------------+-------+-------++-------
Melee: Dagger            |    88 |    21 ||   109
       Short sword       |       |    76 ||    76
       Flail             |       |     4 ||     4
Throw: Stone             |    10 |     6 ||    16
 Cast: Ensorcelled Hiber |    22 |    48 ||    70
 Stab: Sleeping          |    22 |    36 ||    58
Armor: Robe              |     3 |     7 ||    10
Dodge: Dodged            |    55 |   134 ||   189
